AoeStats
← Zipreoy

Hideout

508206439Analyzed
1v1 RM · 10d ago on Sep 21, 2026· 33m 51s· 2 players
Game mode
Random Map
Map size
Tiny (2 player)
Population
200
Speed
Normal
Resources
Standard
Victory
Conquest
Starting age
Dark Age
Ending age
Imperial Age
RankedLock teamsTeams togetherTeam positionsShared explorationLock speedFull tech treeHidden civsTurbo modeCheats
Victory
Defeat
🇩🇪 Teutons · Germany
777
+18
🇨🇳 Spanish · China
824
-44
Chrifo
9:51 Feudal Age
10:19 Double-Bit Axe
10:18 Horse Collar
11:27 Wheelbarrow
18:46 Castle Age
16:59 Loom
19:37 Bow Saw
19:30 Heavy Plow
20:02 Hand Cart
20:16 Town Watch
21:41 Forging
21:31 Scale Mail Armor
22:45 Gold Mining
25:18 Chain Mail Armor
Zipreoy
10:43 Feudal Age
12:36 Double-Bit Axe
17:36 Castle Age
Connection lost

Rejoining the realm…

Still unreachable

The connection could not be restored.

Session expired

The server has moved on; the page needs a fresh start.